[Event "Early-Titled-Tuesday-Blitz-March-05-2024"]
[Site "Chess.com"]
[Date "2024.03.05"]
[Round "10"]
[White "LangesNasenhaar"]
[Black "AccioChess"]
[Result "0-1"]
[WhiteElo "2500"]
[BlackElo "2383"]
[TimeControl "180+1"]
[EndTime "9:55:26 PST"]
[Termination "AccioChess won by resignation"]

1. d4 Nf6 2. Nf3 g6 3. Bg5 Bg7 4. Nbd2 O-O 5. e4 d6 6. c3 Nc6 7. Bd3 e5 8. O-O h6 9. Bh4 Qe8 10. Re1 Nh5 11. Bc4 Kh7 12. h3 exd4 13. cxd4 Nxd4 14.
Nxd4 Bxd4 15. Nf3 Bxb2 16. Rb1 Bg7 17. Qc2 Rb8 18. a4 Bd7 19. a5 b5 20. Bd3 c5 21.
e5 c4 22. Bf1 dxe5 23. a6 Bf5 24. Qe2 Nf4 25. Qe3 Bxb1 26. Rxb1 Rb6 27. g3 Nd5 28. Qc5 Nc3 29. Re1 e4 30. Be7 exf3 31. Bxf8 Qxe1 0-1

[Event "Early-Titled-Tuesday-Blitz-March-05-2024"]
[Site "Chess.com"]
[Date "2024.03.05"]
[Round "10"]
[White "tolimachess"]
[Black "GAusal"]
[Result "1-0"]
[WhiteElo "2416"]
[BlackElo "2280"]
[TimeControl "180+1"]
[EndTime "9:55:28 PST"]
[Termination "tolimachess won by resignation"]

1. e4 c5 2. Nf3 e6 3. c4 Nc6 4.
Nc3 g6 5. d4 cxd4 6. Nxd4 Bg7 7. Be3 Nge7 8. Be2 O-O 9. O-O d5 10. exd5 exd5 11. cxd5 Nxd5 12. Nxd5 Qxd5 13. Bf3 Qd6 14.
Nxc6 Qxd1 15. Ne7+ Kh8 16. Rfxd1 Be6 17. Bd4 Rfe8 18. Bxg7+ Kxg7 19. Nd5 Rac8 20. Rac1 Rxc1 21. Rxc1 Rd8 22. Rd1 f5 23. b3 Rc8 24. Nf4 Bf7 25. Bd5 g5 26. Bxf7 Kxf7 27. Nd3 Rc2 28. a4 Rc3 29. b4 Ke6 30. Nc5+ Ke5 31. Nxb7 Rc4 32. Na5 Rxb4 33. Nc6+ 1-0

[Event "Early-Titled-Tuesday-Blitz-March-05-2024"]
[Site "Chess.com"]
[Date "2024.03.05"]
[Round "10"]
[White "lluiss"]
[Black "mertfelin"]
[Result "0-1"]
[WhiteElo "2171"]
[BlackElo "2345"]
[TimeControl "180+1"]
[EndTime "9:55:33 PST"]
[Termination "mertfelin won by resignation"]

1. Nf3 d5 2. d4 Nf6 3. c4 e6 4. cxd5 exd5 5. Nc3 c6 6. Qc2 g6 7. Bg5 Bf5 8. Qb3 b6 9. Ne5 Be7 10. e3 Ne4 11. Nxe4 Bxe4 12. Bxe7 Qxe7 13. f3 Bf5 14. Bd3 Bxd3 15. Qxd3 f6 16. Ng4 Nd7 17. O-O O-O 18.
Rae1 f5 19. Nf2 Nf6 20. f4 Rad8 21. Nh3 c5 22. Ng5 Rfe8 23. Nf3 Qe4 24. Ne5 Rxe5 0-1

[Event "Early-Titled-Tuesday-Blitz-March-05-2024"]
[Site "Chess.com"]
[Date "2024.03.05"]
[Round "10"]
[White "ChessLover0108"]
[Black "Kobalia"]
[Result "1-0"]
[WhiteElo "2961"]
[BlackElo "2812"]
[TimeControl "180+1"]
[EndTime "9:55:49 PST"]
[Termination "ChessLover0108 won by resignation"]

1. d4 d5 2. Nf3 Nf6 3. c4 c6 4. e3 Bf5 5. Nc3 e6 6. Nh4 Bg6 7. Nxg6 hxg6 8. g3 Be7 9. Qe2 Nbd7 10. Bg2 Nb6 11. b3 Bb4 12. Bd2 O-O 13. O-O Re8 14. Rfd1 Nbd7 15. Nxd5 Nxd5 16. cxd5 Bxd2 17. dxc6 Bc3 18.
Rac1 Bb4 19. Qb5 Ba3 20. cxd7 Re7 21. Qxb7 1-0

[Event "Early-Titled-Tuesday-Blitz-March-05-2024"]
[Site "Chess.com"]
[Date "2024.03.05"]
[Round "10"]
[White "Casper"]
[Black "David_George21"]
[Result "1-0"]
[WhiteElo "2513"]
[BlackElo "2407"]
[TimeControl "180+1"]
[EndTime "9:55:52 PST"]
[Termination "Casper won by checkmate"]

1. e4 c5 2. d4 cxd4 3. Qxd4 Nc6 4. Qe3 g6 5. Nc3 Bg7 6. Bd2 d6 7. O-O-O Nf6 8. Nd5 O-O 9. Bc3 Nxd5 10. exd5 Ne5 11. h3 a6 12. f4 Nd7 13. Bxg7 Kxg7 14. Nf3 b5 15. g4 Bb7 16. h4 Rc8 17. h5 Nf6 18. hxg6 fxg6 19. Ng5 Qd7 20. Ne6+ Kg8 21.
Nxf8 Rxf8 22. Bg2 Nxg4 23. Qh3 h5 24. Be4 Rf6 25. Rdg1 Qc8 26. Bxg6 Rxg6 27. Qxh5 Rg7 28. Rh4 Qc5 29. Qe8# 1-0

[Event "Early-Titled-Tuesday-Blitz-March-05-2024"]
[Site "Chess.com"]
[Date "2024.03.05"]
[Round "10"]
[White "Eliwood44"]
[Black "GelmanAlexander"]
[Result "0-1"]
[WhiteElo "2516"]
[BlackElo "2671"]
[TimeControl "180+1"]
[EndTime "9:55:55 PST"]
[Termination "GelmanAlexander won by checkmate"]

1. d4 Nf6 2. c4 c5 3. d5 b5 4.
cxb5 a6 5. bxa6 e6 6. Nc3 exd5 7. Nxd5 Nxa6 8. e4 Nxd5 9. exd5 Nb4 10. Bc4 Qe7+ 11.
Ne2 Qe4 12. Bb3 Nd3+ 13. Kf1 Ba6 14. Be3 Bd6 15. Kg1 O-O 16. Nc3 Qh4 17. Rb1 Rfe8 18.
Qd2 f5 19. Bc2 c4 20. Bxd3 cxd3 21. g3 Qh3 22. b4 Bc4 23. Bf4 Re2 24. Qd1 Bxf4 25.
gxf4 Ra6 26. Nxe2 dxe2 27. Qd4 Rg6# 0-1

[Event "Early-Titled-Tuesday-Blitz-March-05-2024"]
[Site "Chess.com"]
[Date "2024.03.05"]
[Round "10"]
[White "kinga2008"]
[Black "Let_it_be_1"]
[Result "0-1"]
[WhiteElo "2429"]
[BlackElo "2588"]
[TimeControl "180+1"]
[EndTime "9:55:59 PST"]
[Termination "Let_it_be_1 won by resignation"]

1. e4 e6 2. d4 d5 3. Nc3 Nf6 4. e5 Ne4 5. Bd3 Nxc3 6. bxc3 c5 7. Qg4 Nc6 8. Ne2 c4 9. Bxc4 dxc4 10. O-O Ne7 11. f4 Bd7 12. Ng3 g6 13. Qe2 Rc8 14. Ne4 Nd5 15. Rb1 b5 16. Qf3 Bc6 17. Qh3 Be7 18. Qh6 Bf8 19. Qh3 h5 20. f5 gxf5 21.
Bg5 Qa5 22. Bf6 Rg8 23. Qxh5 Ne3 24. Rxf5 0-1

[Event "Early-Titled-Tuesday-Blitz-March-05-2024"]
[Site "Chess.com"]
[Date "2024.03.05"]
[Round "10"]
[White "esrosenberg"]
[Black "klercaku"]
[Result "1-0"]
[WhiteElo "2458"]
[BlackElo "2215"]
[TimeControl "180+1"]
[EndTime "9:56:00 PST"]
[Termination "esrosenberg won by resignation"]

1. d4 d5 2. c4 e6 3. Nc3 Nf6 4. cxd5 exd5 5. Bg5 Nbd7 6. e3 Be7 7. Bd3 O-O 8. Nge2 Re8 9. O-O h6 10. Bh4 c6 11.
Kh1 Nf8 12. f3 Ne6 13. Bf2 Bd6 14. Bg1 a6 15. e4 dxe4 16. fxe4 Ng4 17. e5 Bc7 18. h3 Qh4 19. Qe1 Qh5 20. Ng3 Qh4 21. Nf5 Qh5 22. Qh4 Qxh4 23. Nxh4 Nxe5 24. dxe5 Bxe5 25.
Rae1 Bf6 26. Nf5 Rd8 27. Bb1 Bd7 28. Nxh6+ gxh6 29. Rxf6 Kg7 30. Ref1 Be8 31. Bh2 Rd2 32. Be5 Kg8 33. Rxh6 Kf8 34. Rxe6 1-0

[Event "Early-Titled-Tuesday-Blitz-March-05-2024"]
[Site "Chess.com"]
[Date "2024.03.05"]
[Round "10"]
[White "GM4life"]
[Black "AlexTruskavetsky"]
[Result "0-1"]
[WhiteElo "2516"]
[BlackElo "2711"]
[TimeControl "180+1"]
[EndTime "9:56:05 PST"]
[Termination "AlexTruskavetsky won by resignation"]

1. d4 Nf6 2. c4 e6 3. Nf3 d5 4.
Nc3 dxc4 5. e4 b5 6. e5 Nd5 7. Nxb5 Nb6 8. Be2 Bb7 9. Be3 N8d7 10. O-O Be7 11. Rc1 O-O 12. Nd2 a6 13. Nc3 Bg5 14.
f4 Be7 15. Nxc4 Nxc4 16. Bxc4 Nb6 17. Bd3 Rc8 18. f5 Bg5 19. Qd2 Qxd4 20. Bxd4 Bxd2 21.
Rc2 Bh6 22. b4 Rfd8 23. Ne2 Rxd4 24. Nxd4 Be3+ 25. Kh1 Bxd4 26. fxe6 fxe6 27. Re1 Nd5 28. a3 c5 29. Be4 cxb4 30. Rxc8+ Bxc8 31. Bxd5 exd5 32. axb4 Be6 33. Rc1 Kf7 34. Rc7+ Kg6 35. Rc6 Kf5 36. Rxa6 Bxe5 37. b5 d4 38. b6 d3 39. Ra8 Bd5 40. Rf8+ Bf6 0-1

[Event "Early-Titled-Tuesday-Blitz-March-05-2024"]
[Site "Chess.com"]
[Date "2024.03.05"]
[Round "10"]
[White "whiteglovethief"]
[Black "Lennis93"]
[Result "0-1"]
[WhiteElo "2509"]
[BlackElo "2709"]
[TimeControl "180+1"]
[EndTime "9:56:08 PST"]
[Termination "Lennis93 won by resignation"]

1. d4 g6 2. c4 Bg7 3. e4 d6 4. Nc3 e5 5. dxe5 dxe5 6. Qxd8+ Kxd8 7. f4 Be6 8. Nf3 Nd7 9. Be3 exf4 10. Bxf4 Ngf6 11. h3 h6 12. O-O-O g5 13. Bh2 c6 14. Nd4 Ke7 15. Nf5+ Bxf5 16. Bd6+ Kd8 17. exf5 Re8 18. c5 Ne4 19. Bc4 Nxd6 20. Rxd6 Kc7 21. Bxf7 Re7 22.
Bc4 Rf8 23. g4 Nxc5 24. Rg6 Rf6 25. Rxf6 Bxf6 26. b4 Bxc3 27. bxc5 Re5 28. h4 Rxc5 29. hxg5 Rxc4 30. gxh6 Rxg4 31. h7 Bh8 0-1

[Event "Early-Titled-Tuesday-Blitz-March-05-2024"]
[Site "Chess.com"]
[Date "2024.03.05"]
[Round "10"]
[White "MasterKroket"]
[Black "TimGrutter03"]
[Result "0-1"]
[WhiteElo "2496"]
[BlackElo "2631"]
[TimeControl "180+1"]
[EndTime "9:56:11 PST"]
[Termination "TimGrutter03 won by resignation"]

1. e4 c6 2. d4 d5 3. e5 c5 4.
dxc5 e6 5. b4 a5 6. c3 b6 7.
Bb5+ Bd7 8. Bxd7+ Qxd7 9. cxb6 axb4 10. Nf3 Qb5 11. Qb3 Qxb6 12. Be3 Qb5 13. Nd4 Qd3 14.
cxb4 Qxb3 15. Nxb3 Bxb4+ 16. Ke2 Nc6 17. f4 Nge7 18. N1d2 Bc3 19. Rac1 d4 20. Bf2 Rxa2 21. Rhd1 O-O 22. Kd3 Nb4+ 23. Ke4 Nbc6 24. Bxd4 Bxd4 25.
Nxd4 Ra4 26. Nf3 Rd8 27. Ke3 Nxd4 28. Nxd4 Raxd4 0-1

[Event "Early-Titled-Tuesday-Blitz-March-05-2024"]
[Site "Chess.com"]
[Date "2024.03.05"]
[Round "10"]
[White "Vse_po_kaify"]
[Black "KetiTsatsalashvili"]
[Result "1-0"]
[WhiteElo "2349"]
[BlackElo "2472"]
[TimeControl "180+1"]
[EndTime "9:56:12 PST"]
[Termination "Vse_po_kaify won by resignation"]

1. e4 c5 2. c4 Nc6 3. Nc3 g6 4.
g3 Bg7 5. Bg2 e6 6. Nge2 Nge7 7.
O-O O-O 8. d3 d6 9. h3 f5 10. f4 Bd7 11. Be3 Nd4 12. Rb1 a6 13. b4 Nxe2+ 14. Nxe2 cxb4 15. Rxb4 b5 16. c5 Bc6 17.
Rb1 dxc5 18. Bxc5 Rc8 19. Rc1 Bb7 20. Qb3 Qd7 21. Rfd1 Rxc5 22. Rxc5 Bd4+ 23. Nxd4 Qxd4+ 24. Kh2 Qxc5 25. Qxe6+ Rf7 26. d4 Qc2 27. d5 Qxd1 28.
d6 Bxe4 29. dxe7 Kg7 30. e8=Q Rb7 31. Qe5+ 1-0

[Event "Early-Titled-Tuesday-Blitz-March-05-2024"]
[Site "Chess.com"]
[Date "2024.03.05"]
[Round "10"]
[White "sergeikim"]
[Black "tusplingher"]
[Result "0-1"]
[WhiteElo "2563"]
[BlackElo "2456"]
[TimeControl "180+1"]
[EndTime "9:56:13 PST"]
[Termination "tusplingher won by checkmate"]

1. d4 Nf6 2. c4 c5 3. d5 b5 4. cxb5 a6 5. b6 Qxb6 6. Nc3 d6 7. e4 g6 8. Be2 Bg7 9. Nf3 O-O 10. Nd2 Qc7 11.
O-O Nbd7 12. Nc4 Ne8 13. Bg5 Ne5 14. Ne3 h6 15. Bh4 Nf6 16. f4 Ned7 17. Bg3 Rb8 18.
Rb1 Ne8 19. e5 dxe5 20. f5 g5 21. Ng4 Nef6 22. Nf2 Bb7 23. Qd2 Rbd8 24. h4 gxh4 25. Bxh4 Nb6 26. Bf3 Nfxd5 27. Nxd5 Bxd5 28. Bxd5 Nxd5 29. Ne4 Nf4 30. Qe1 f6 31. Kh2 Rd4 32. Bg3 Qc6 33.
Nc3 Qxg2# 0-1

[Event "Early-Titled-Tuesday-Blitz-March-05-2024"]
[Site "Chess.com"]
[Date "2024.03.05"]
[Round "10"]
[White "Coach_Istvanovszki"]
[Black "karinachess1"]
[Result "0-1"]
[WhiteElo "2459"]
[BlackElo "2598"]
[TimeControl "180+1"]
[EndTime "9:56:20 PST"]
[Termination "karinachess1 won by checkmate"]

1. d4 Nf6 2. Nc3 d5 3. Bf4 g6 4. e3 Bg7 5. h4 h5 6. Nf3 O-O 7.
Ne5 c5 8. dxc5 Qa5 9. Qd2 Qxc5 10. O-O-O Bf5 11. f3 Nbd7 12. Nxd7 Bxd7 13. Nxd5 Rac8 14.
Nxf6+ Bxf6 15. Kb1 Ba4 16. Rc1 Rfd8 17. Qf2 Bxc2+ 18. Ka1 Bxb2+ 19. Kxb2 Qc3# 0-1

[Event "Early-Titled-Tuesday-Blitz-March-05-2024"]
[Site "Chess.com"]
[Date "2024.03.05"]
[Round "10"]
[White "goodnigth"]
[Black "PawnEatingZombie"]
[Result "1-0"]
[WhiteElo "2039"]
[BlackElo "2178"]
[TimeControl "180+1"]
[EndTime "9:56:20 PST"]
[Termination "goodnigth won by resignation"]

1. d4 Nf6 2. Nf3 g6 3. Nc3 d5 4.
Bf4 Bg7 5. h3 c6 6. e3 O-O 7.
Be2 Nbd7 8. O-O Ne4 9. Nxe4 dxe4 10. Nd2 e5 11. dxe5 Nxe5 12. Nxe4 Qb6 13. Qc1 h6 14. a4 a5 15. Rd1 Be6 16. Rb1 Rfd8 17. b3 c5 18. Bb5 f5 19. Nd2 g5 20. Bh2 Nc6 21. Nc4 Qa7 22. Rxd8+ Rxd8 23. Qe1 Nb4 24. Qe2 Bc3 25. Rd1 Qb8 26. Bxb8 1-0

[Event "Early-Titled-Tuesday-Blitz-March-05-2024"]
[Site "Chess.com"]
[Date "2024.03.05"]
[Round "10"]
[White "AEMEffi"]
[Black "MaxLeto"]
[Result "0-1"]
[WhiteElo "2322"]
[BlackElo "2453"]
[TimeControl "180+1"]
[EndTime "9:56:26 PST"]
[Termination "MaxLeto won on time"]

1. d4 h6 2. c4 g6 3. Nc3 a6 4. e4 b6 5. h4 Bg7 6. Be3 Bb7 7.
h5 g5 8. f3 d6 9. Nge2 e6 10. Qd2 Nd7 11. Ng3 Ne7 12. Bd3 c5 13. d5 Ne5 14. Be2 Qc7 15. a4 f5 16. dxe6 f4 17. Bxf4 gxf4 18. Qxf4 O-O-O 19. Nd5 Bxd5 20. exd5 Rdf8 21. Qd2 a5 22. O-O-O Rhg8 23. f4 Bf6 24. fxe5 Bg5 25. Ne4 Bxd2+ 26. Rxd2 Nf5 27. g4 Nd4 28. exd6 Qg7 29. d7+ Kd8 30. d6 Nxe6 0-1

[Event "Early-Titled-Tuesday-Blitz-March-05-2024"]
[Site "Chess.com"]
[Date "2024.03.05"]
[Round "10"]
[White "GWR2024"]
[Black "Cambek64"]
[Result "0-1"]
[WhiteElo "2161"]
[BlackElo "2456"]
[TimeControl "180+1"]
[EndTime "9:56:27 PST"]
[Termination "Cambek64 won by resignation"]

1. e4 c5 2. Nc3 Nc6 3. f4 e6 4. Nf3 a6 5. g3 d5 6. d3 Nf6 7. e5 Ng8 8. Bg2 h5 9. O-O Nge7 10. Ne2 Nf5 11. Bd2 Be7 12. c3 b6 13.
Qe1 a5 14. h3 Ba6 15. Nc1 Rc8 16. a4 g6 17. Ng5 Kf8 18. b3 Kg7 19. Nf3 d4 20. c4 Bb7 21. Ng5 Qc7 22. Ne4 Nb4 23. Bxb4 axb4 24. Rf2 Ne3 25. Bf3 f6 26. Re2 fxe5 27.
fxe5 Qxe5 28. Rxe3 dxe3 29. Ra2 Bxe4 30. Bxe4 Bg5 31.
Ne2 Rcf8 32. h4 Bh6 33. g4 hxg4 34. Qg3 Qxg3+ 35. Nxg3 Bf4 36. Kg2 Rxh4 37. a5 bxa5 38. Rxa5 Bd6 39. Ra7+ Rf7 40. Rxf7+ Kxf7 0-1

[Event "Early-Titled-Tuesday-Blitz-March-05-2024"]
[Site "Chess.com"]
[Date "2024.03.05"]
[Round "10"]
[White "Msb2"]
[Black "GlavkonVVS"]
[Result "1-0"]
[WhiteElo "2987"]
[BlackElo "2553"]
[TimeControl "180+1"]
[EndTime "9:56:28 PST"]
[Termination "Msb2 won by resignation"]

1. d4 Nf6 2. c4 c5 3. d5 e6 4. Nc3 exd5 5. cxd5 d6 6. e4 g6 7. h3 Bg7 8. Nf3 O-O 9. Bd3 b5 10. Nxb5 Nxe4 11. Bxe4 Re8 12. Ng5 Qa5+ 13. Nc3 Bxc3+ 14.
bxc3 Qxc3+ 15. Bd2 Qc4 16. Qb3 Rxe4+ 17. Nxe4 Qxe4+ 18.
Kf1 Ba6+ 19. Kg1 Bc4 20. Qg3 Nd7 21. Re1 Qxd5 22. Bc3 Nf8 23. Kh2 Bd3 24. Re7 Ne6 25. Qe3 Bb5 26. Re1 Bc6 27. f3 Qc4 28. Bf6 Qxa2 29.
Re2 Qc4 30. Rb2 Qf4+ 31. Qxf4 Nxf4 32. Rxa7 Re8 33. Rb6 Bd5 34. Rxd6 h6 35. Re7 Ra8 36. Be5 Ra2 37. Re8+ 1-0

[Event "Early-Titled-Tuesday-Blitz-March-05-2024"]
[Site "Chess.com"]
[Date "2024.03.05"]
[Round "10"]
[White "chess94cu"]
[Black "thesupera12"]
[Result "1-0"]
[WhiteElo "2642"]
[BlackElo "2496"]
[TimeControl "180+1"]
[EndTime "9:56:28 PST"]
[Termination "chess94cu won by resignation"]

1. Nf3 Nf6 2. c4 d5 3. e3 g6 4.
b3 Bg7 5. Bb2 O-O 6. cxd5 Nxd5 7. Bxg7 Kxg7 8. Be2 c5 9. Qc1 b6 10. O-O Bb7 11. d4 cxd4 12. Nxd4 e5 13. Nf3 Qf6 14.
Qb2 Nc6 15. Nbd2 Rfe8 16. Ne4 Qe7 17. Rfd1 Rad8 18. Rac1 h6 19. Bb5 Ndb4 20. a3 Rxd1+ 21. Rxd1 a6 22. Bf1 Na7 23. Nd6 Rd8 24. Nxe5 Rxd6 25.
Rxd6 Qxd6 26. axb4 Qf6 27. Qd4 Nc6 28. Nxc6 Bxc6 29.
Qxb6 Bd5 30. Qd4 Bxb3 31. Qxf6+ Kxf6 32. Bxa6 Ke5 33. Bd3 g5 34. f3 f5 35. Kf2 h5 36. g3 Bd5 37. f4+ Kf6 38. h4 g4 39.
Ke2 Ke6 40. Kd2 Kd6 41. Bxf5 1-0

[Event "Early-Titled-Tuesday-Blitz-March-05-2024"]
[Site "Chess.com"]
[Date "2024.03.05"]
[Round "10"]
[White "Christian_Jordan"]
[Black "CaspiIsrael"]
[Result "0-1"]
[WhiteElo "2110"]
[BlackElo "2673"]
[TimeControl "180+1"]
[EndTime "9:56:29 PST"]
[Termination "CaspiIsrael won on time"]

1. e4 g6 2. d4 Bg7 3. Nf3 d6 4.
Bc4 e6 5. O-O a6 6. a4 b6 7. Re1 Bb7 8. Nc3 Nd7 9. Bf1 h6 10.
g3 Ne7 11. Bg2 O-O 12. Be3 Ra7 13. Qd2 Kh7 14. h3 Qa8 15. Nh2 f5 16. f3 e5 17. d5 Nf6 18. Ne2 a5 19. c4 Ba6 20.
b3 Nh5 21. g4 Nf4 22. Nxf4 exf4 23. Bd4 fxg4 24. Nxg4 Bc8 25. Bxg7 Kxg7 26. Qd4+ Kh7 27. Nf6+ Kg7 28. Nh5+ Kf7 29. Qf6+ Ke8 30. Ng7+ Kd7 31. Qxf8 Bb7 32. Qf6 Qg8 33. Qe6+ Qxe6 34. Nxe6 g5 35.
Kf2 Ng6 36. h4 Nxh4 37. Bh3 Ke7 38. Bf5 Bc8 39. e5 Nxf5 40. exd6+ Kxd6 41. Nd8 c5 42. Nc6 Rh7 43. Re8 Bd7 44. Rb8 Bxc6 45. Rxb6 Rc7 0-1

[Event "Early-Titled-Tuesday-Blitz-March-05-2024"]
[Site "Chess.com"]
[Date "2024.03.05"]
[Round "10"]
[White "K_A_S_T_O_R"]
[Black "PositionalPanther"]
[Result "1-0"]
[WhiteElo "2791"]
[BlackElo "2618"]
[TimeControl "180+1"]
[EndTime "9:56:31 PST"]
[Termination "K_A_S_T_O_R won by resignation"]

1. e4 e6 2. d4 d5 3. Nc3 Nf6 4. e5 Nfd7 5. Nce2 c5 6. c3 Nc6 7.
f4 Be7 8. Nf3 b5 9. a3 a5 10. f5 exf5 11. Nf4 c4 12. Nxd5 Nf8 13. Nf4 g5 14. Nh5 Ng6 15. Qc2 O-O 16. a4 g4 17.
axb5 gxf3 18. bxc6 Qd5 19. Kf2 Nxe5 20. dxe5 Bc5+ 21.
Kg3 Kh8 22. Bg5 f4+ 23. Kh4 f6 24. Nxf6 Rxf6 25. Bxf6+ Kg8 26. gxf3 Bf2+ 27. Qxf2 Qf7 28. Rg1+ Kf8 29. Qc5+ Ke8 30. Rg8+ 1-0

[Event "Early-Titled-Tuesday-Blitz-March-05-2024"]
[Site "Chess.com"]
[Date "2024.03.05"]
[Round "10"]
[White "Smoking_Crow"]
[Black "Boorchess"]
[Result "0-1"]
[WhiteElo "2605"]
[BlackElo "2527"]
[TimeControl "180+1"]
[EndTime "9:56:31 PST"]
[Termination "Boorchess won by checkmate"]

1. e4 e5 2. Nf3 Nf6 3. Nc3 Nc6 4. Bb5 Nd4 5. Bc4 Bc5 6. Nxd4 Bxd4 7. d3 c6 8. Bb3 d6 9. Ne2 Bb6 10. Ng3 Ng4 11.
Be3 Nxe3 12. fxe3 Qg5 13. O-O Bxe3+ 14. Kh1 O-O 15. Nf5 Bxf5 16. Rxf5 Qe7 17. Qf3 Bg5 18. Rf1 g6 19. Rxf7 Rxf7 20. Qxf7+ Qxf7 21. Rxf7 Kh8 22. Rxb7 Rf8 23. g3 Be3 24. Rc7 g5 25. g4 Rf2 26.
Rxc6 Bc5 27. Rc7 h5 28. gxh5 g4 29. Rc8+ Kh7 30. h3 g3 31. Rg8 Rh2# 0-1

[Event "Early-Titled-Tuesday-Blitz-March-05-2024"]
[Site "Chess.com"]
[Date "2024.03.05"]
[Round "10"]
[White "pfalcon1949"]
[Black "DarZay"]
[Result "0-1"]
[WhiteElo "1954"]
[BlackElo "2330"]
[TimeControl "180+1"]
[EndTime "9:56:33 PST"]
[Termination "DarZay won by checkmate"]

1. e4 c5 2. Nf3 Nc6 3. d4 cxd4 4.
Nxd4 Nf6 5. Nc3 d6 6. Bg5 e6 7. Qd2 a6 8. O-O-O Bd7 9. f4 Be7 10. Kb1 b5 11. Nxc6 Bxc6 12. Bxf6 gxf6 13. Bd3 Qa5 14. f5 b4 15. Ne2 d5 16. fxe6 fxe6 17. exd5 Bxd5 18. b3 Qb6 19. Nf4 Bb7 20. Rhe1 e5 21. Nh5 O-O-O 22. Qh6 e4 23. Be2 Qf2 24. Bc4 Qf5 25. Ng7 Qe5 26. Ne6 Rxd1+ 27. Rxd1 f5 28. Qd2 Bf6 29. Qd6 Qb2# 0-1

[Event "Early-Titled-Tuesday-Blitz-March-05-2024"]
[Site "Chess.com"]
[Date "2024.03.05"]
[Round "10"]
[White "Aleksandar-Topalov"]
[Black "wild3000"]
[Result "1-0"]
[WhiteElo "2364"]
[BlackElo "2481"]
[TimeControl "180+1"]
[EndTime "9:56:37 PST"]
[Termination "Aleksandar-Topalov won by checkmate"]

1. b3 a5 2. a3 e6 3. Bb2 Nf6 4. Nf3 d5 5. e3 Be7 6. d4 O-O 7.
Nbd2 c6 8. Bd3 b5 9. Ne5 Bb7 10. O-O Nbd7 11. f4 b4 12. Rf3 c5 13. Nxd7 Qxd7 14. Rh3 Qc6 15. Bxh7+ Nxh7 16. Qh5 f6 17. Qxh7+ Kf7 18. Qh5+ Kg8 19. dxc5 Bxc5 20. Qh7+ Kf7 21.
Rg3 Rg8 22. axb4 axb4 23. Rxa8 Bxa8 24. Nf1 d4 25. exd4 Bb6 26. Kh1 Qe4 27. Qh5+ Ke7 28. d5 Bxd5 29. h3 Qxf4 30. Qe2 Rc8 31. Qb5 Rxc2 32.
Rxg7+ Kd6 33. Rd7# 1-0

[Event "Early-Titled-Tuesday-Blitz-March-05-2024"]
[Site "Chess.com"]
[Date "2024.03.05"]
[Round "10"]
[White "Szparu"]
[Black "Arystanner"]
[Result "1-0"]
[WhiteElo "2796"]
[BlackElo "2883"]
[TimeControl "180+1"]
[EndTime "9:56:38 PST"]
[Termination "Szparu won by resignation"]

1. d4 d5 2. c4 e6 3. Nf3 Nf6 4. Nc3 Be7 5. g3 O-O 6. Bg2 c6 7. Qd3 a5 8. e4 b6 9. b3 Ba6 10.
O-O b5 11. Ne5 bxc4 12. bxc4 Nfd7 13. exd5 cxd5 14. Rd1 Nxe5 15. dxe5 Bxc4 16. Qxc4 dxc4 17. Rxd8 Rxd8 18. Bxa8 Bb4 19. Bb2 Rd2 20. Na4 Nd7 21. Rc1 c3 22. Bxc3 Bxc3 23. Nxc3 Nxe5 24. Be4 f5 25. Rc2 Nf3+ 26. Kf1 fxe4 27. Rxd2 Nxd2+ 28. Ke2 Nc4 29. Nxe4 h6 30. Kd3 Ne5+ 31. Kd4 Nf3+ 32. Kc5 Kf8 33. Kb5 Nxh2 34. Kxa5 Ke7 35. Kb6 Kd7 36. a4 Kc8 37. a5 Nf3 38. a6 Kb8 39.
Nc5 Ne5 40. a7+ Ka8 41. Nxe6 Nd7+ 42. Ka6 1-0

[Event "Early-Titled-Tuesday-Blitz-March-05-2024"]
[Site "Chess.com"]
[Date "2024.03.05"]
[Round "10"]
[White "Al_Shima"]
[Black "Ajedrez_con_German"]
[Result "0-1"]
[WhiteElo "2446"]
[BlackElo "2592"]
[TimeControl "180+1"]
[EndTime "9:56:38 PST"]
[Termination "Ajedrez_con_German won by resignation"]

1. d4 e6 2. Nc3 Nf6 3. Bf4 Bb4 4. Qd3 d5 5. f3 c5 6. e3 Nc6 7. Ne2 Qa5 8. a3 b6 9. Qd1 Bxc3+ 10. Nxc3 Ba6 11.
b4 cxb4 12. axb4 Qxb4 13. Bxa6 Qxc3+ 14. Kf2 O-O 15. Bb7 Rad8 16. Bxc6 Qxc6 17. Rxa7 Rc8 18. Ra2 Ra8 19. Qa1 h6 20. Rb1 Rfc8 21. Rxa8 Rxa8 22.
Qb2 b5 23. Kg1 Nd7 24. Qxb5 Qxc2 25. Rb2 Ra1+ 26. Qf1 Rxf1+ 27. Kxf1 Qxb2 28. g3 Qxh2 29. g4 Qc2 30. Kg1 Nb6 31. g5 Nc4 32. gxh6 gxh6 33.
Bxh6 Qe2 34. Bf4 Nd2 35. Kh1 Nxf3 36. Bg3 0-1

[Event "Early-Titled-Tuesday-Blitz-March-05-2024"]
[Site "Chess.com"]
[Date "2024.03.05"]
[Round "10"]
[White "2KTNGO"]
[Black "GeorgiosSouleidis"]
[Result "1-0"]
[WhiteElo "2530"]
[BlackElo "2655"]
[TimeControl "180+1"]
[EndTime "9:56:41 PST"]
[Termination "2KTNGO won by resignation"]

1. e4 c5 2. Nf3 e6 3. c4 Nc6 4.
Nc3 Nf6 5. Be2 d5 6. exd5 exd5 7. d4 cxd4 8. Nxd4 Bc5 9. Nb3 Bb4 10. O-O d4 11.
Nb5 Kf8 12. Bf4 h5 13. h3 Bf5 14. N3xd4 Nxd4 15. Nxd4 Bg6 16. Qb3 Qxd4 17. Qxb4+ Kg8 18. Be3 Qd7 19. Rfd1 Qc7 20. Bf3 Be4 21. Bxe4 Nxe4 22. Rd4 Re8 23. Qb5 Re5 24. Qd7 Qc6 25. Qxc6 bxc6 26. Rd8+ Kh7 27. Rxh8+ Kxh8 28. Bxa7 Nd2 29. b3 Re2 30. f3 f5 31. Bd4 Kg8 32. Rd1 Nxf3+ 33.
gxf3 Rxa2 34. Rd3 Kf7 35. Be5 g5 36. Rd6 Re2 37. Rf6+ Ke7 38. Rxf5 Ke6 39. Rxg5 1-0

[Event "Early-Titled-Tuesday-Blitz-March-05-2024"]
[Site "Chess.com"]
[Date "2024.03.05"]
[Round "10"]
[White "HATilay"]
[Black "StankovicIvan"]
[Result "0-1"]
[WhiteElo "2660"]
[BlackElo "2536"]
[TimeControl "180+1"]
[EndTime "9:56:42 PST"]
[Termination "StankovicIvan won on time"]

1. e4 c5 2. Nf3 Nc6 3. Bb5 g6 4. Bxc6 bxc6 5. O-O Bg7 6. h3 Nh6 7. d3 O-O 8. a4 a5 9. Nh2 f5 10. f4 Rb8 11. Nc3 d6 12. Qe2 Nf7 13. Kh1 e5 14. Rb1 exf4 15. Bxf4 g5 16. Bd2 f4 17. Qh5 Be6 18. h4 h6 19. b3 Ne5 20. Qe2 Qd7 21. Nd1 Rf7 22. Bxa5 g4 23. Bd2 Rbf8 24. c3 Qe7 25.
Kg1 Qxh4 26. Re1 g3 27. Nf1 Bg4 0-1

[Event "Early-Titled-Tuesday-Blitz-March-05-2024"]
[Site "Chess.com"]
[Date "2024.03.05"]
[Round "10"]
[White "chupitroko32"]
[Black "javirec"]
[Result "1-0"]
[WhiteElo "2364"]
[BlackElo "2250"]
[TimeControl "180+1"]
[EndTime "9:56:42 PST"]
[Termination "chupitroko32 won on time"]

1. e4 c5 2. Nc3 a6 3. a4 e6 4. Nge2 Nc6 5. g3 Nf6 6. Bg2 d5 7. exd5 exd5 8. d4 cxd4 9. Nxd4 Bc5 10. Nb3 Bb4 11. O-O Be6 12. Bg5 O-O 13. Bxf6 Qxf6 14. Nxd5 Bxd5 15. Qxd5 Qxb2 16. Be4 Rad8 17. Qh5 g6 18. Qh6 Rfe8 19. Rab1 Qc3 20. Qf4 Bd6 21. Qf3 Qxf3 22. Bxf3 Rc8 23. Rfd1 Be5 24. Nc5 b5 25. axb5 axb5 26. Nd7 Nd4 27. Nxe5 Rxe5 28. Rxd4 Rxc2 29. Rdb4 Rcc5 30. Kf1 Kg7 31. Be2 h5 32. Rxb5 1-0